Map: Ruby Rock LE

Players

Antonystar

  • Race: Protoss Protoss
  • League: Platinum
  • Spawn Location: 5:00

HoldTheDoor - Winner!

  • Race: Protoss Protoss
  • League: Diamond
  • Spawn Location: 11:00

VOD

Have the link to the VOD?

Description

Time

  • Played on: May 2, 2026, 11:34 a.m.
  • Length: 6:28
Show
View Real Time Build Order
Export as new Build Order

Antonystar Protoss 

Build Orders:  

Get SALT Encoding   

  1  0:00  Probe  
  12  0:05  Probe  
  14  0:15  Probe  
  15  0:24  Pylon  
  15  0:42  Probe  
  16  0:54  Probe  
  17  1:02  Probe  
  17  1:10  Probe  
  18  1:13  Nexus  
  18  1:18  Assimilator  
  19  1:20  Probe  
  20  1:27  Forge  
  20  1:39  Gateway  
  20  1:49  Assimilator  
  20  1:53  Gateway  
  20  2:00  Probe  
  21  2:11  Photon Cannon  
  21  2:12  Probe  
  22  2:23  Photon Cannon  
  22  2:30  Cybernetics Core  
  22  2:35  Photon Cannon  
  22  2:36  Probe x2  
  24  2:44  Probe x2  
  26  2:52  Probe  
  26  2:53  Probe  
  28  3:03  Probe x2, Pylon  
  30  3:08  Stargate  
  30  3:15  Pylon  
  30  3:17  Probe  
  30  3:19  Probe  
  32  3:25  Probe  
  32  3:31  Probe  
  32  3:33  Probe  
  34  3:38  Photon Cannon  
  35  3:43  Probe, Photon Cannon  
  35  3:45  Probe  
  35  3:48  Void Ray  
  41  4:00  Shield Battery  
  41  4:06  Pylon  
  41  4:10  Stargate, Pylon  
  41  4:16  Shield Battery  
  41  4:19  Shield Battery  
  41  4:22  Probe x2  
  43  4:26  Void Ray  
  47  4:34  Probe  
  48  4:43  Assimilator  
  43  5:57  Pylon x3  
Show
View Real Time Build Order
Export as new Build Order

HoldTheDoor Protoss - Winner!

Build Orders:  

Get SALT Encoding   

  12  0:00  Probe  
  13  0:12  Probe  
  14  0:21  Pylon  
  14  0:24  Probe  
  15  0:39  Probe  
  16  0:43  Gateway  
  16  0:47  Assimilator  
  16  0:54  Assimilator  
  16  1:02  Assimilator  
  16  1:04  Probe  
  17  1:08  Assimilator  
  17  1:16  Probe  
  18  1:30  Cybernetics Core  
  18  1:32  Probe  
  19  1:45  Pylon  
  19  1:49  Probe  
  19  1:53  Pylon  
  20  1:56  Pylon  
  20  2:02  Probe  
  21  2:13  Adept  
  23  2:16  Robotics Facility  
  23  2:21  Gateway  
  23  2:23  Probe  
  23  2:29  Pylon  
  24  2:35  Probe  
  25  2:38  Warp Gate  
  25  2:47  Probe  
  25  2:49  Adept  
  28  2:58  Immortal  
  28  2:59  Probe  
  33  3:13  Sentry  
  33  3:14  Probe  
  36  3:23  Pylon  
  36  3:33  Pylon  
  36  3:36  Immortal  
  36  3:46  Stalker  
  42  3:59  Shield Battery  
  42  4:21  Gateway  
  42  4:26  Shield Battery x2  
  42  4:27  Stalker  
  44  4:32  Stalker  
  40  4:59  Stalker x2  
  40  5:16  Stalker  
  40  5:26  Stalker x2  
  44  5:30  Immortal  
  48  5:50  Stalker x3  
Tags
 
Matchup
PvP
Replay Pack
SC2Mai2026
Spawn Locations
Cross Positions
Add a new tag
Caveats
  • Supply blocks, unpowered buildings, or Contaminate may cause inaccurate times.
  • Supply counts are checked every 10 seconds.